 Dungeon Crawl Stone Soup version 0.26.1-11-gd32895ea62 (webtiles) character file.

Game seed: 16739053264601074172

48 DildoBatman the Conjurer (level 4, 0/30 HPs)
             Began as a Formicid Conjurer on July 17, 2021.
             Slain by an adder (5 damage)
             ... on level 2 of the Dungeon.
             The game lasted 00:03:11 (1732 turns).

DildoBatman the Conjurer (Formicid Conjurer)        Turns: 1732, Time: 00:03:12

Health: 0/30       AC:  3    Str: 12    XL:     4   Next: 0%
Magic:  5/7        EV: 12    Int: 17    God:
Gold:   73         SH:  0    Dex: 10    Spells: 4/7 levels left

rFire    . . .     SeeInvis +   d - +0 dagger
rCold    . . .     Faith    .   (no shield)
rNeg     . . .     Spirit   .   a - +0 robe
rPois    .         Reflect  .   (helmet unavailable)
rElec    .         Harm     .   (no cloak)
rCorr    .         Rampage  .   l - +0 pair of gloves (curse)
Will     .....                  (no boots)
Stlth    ++........             (no amulet)
HPRegen  0.10/turn              (no ring)
MPRegen  0.10/turn              (no ring)

@: lethally poisoned (0 -> -1)
A: permanent stasis, dig shafts and tunnels, four strong arms, antennae 3
a: Dig, Shaft Self


You were on level 2 of the Dungeon.
You visited 1 branch of the dungeon, and saw 2 of its levels.

You collected 73 gold pieces.

Inventory:

Hand Weapons
 d - a +0 dagger (weapon)
 j - a cursed +0 hunting sling
 m - a +1 falchion of holy wrath
Missiles
 h - 29 arrows
 n - 20 bolts
 o - 41 stones
Armour
 a - a +0 robe (worn)
 l - a cursed +0 pair of gloves (worn)
Scrolls
 c - 4 scrolls of remove curse {unknown}
 f - 7 scrolls of identify {unknown}
 g - 2 scrolls of enchant armour {unknown}
 i - a scroll of fog {unknown}
 k - a scroll of amnesia {unknown}
Potions
 b - a potion of lignification {unknown}
 e - 3 potions of curing {unknown}
 p - a potion of magic {unknown}
 q - a potion of cancellation {unknown}


   Skills:
 - Level 1.7 Dodging
 - Level 2.4 Stealth
 - Level 2.1 Spellcasting
 * Level 4.8 Conjurations


You had 4 spell levels left.
You knew the following spells:

 Your Spells              Type           Power        Failure   Level
a - Searing Ray           Conj           36%          4%          2
c - Magic Dart            Conj           72%          2%          1

Your spell library contained the following spells:

 Spells                   Type           Power        Failure   Level
 Dazzling Flash           Conj/Hex       20%          22%         3
 Fulminant Prism          Conj/Hex       5%           56%         4
 Iskenderun's Mystic Bla  Conj/Tloc      10%          56%         4


Dungeon Overview and Level Annotations

Branches:
Dungeon (2/15)

Altars:


Innate Abilities, Weirdness & Mutations

You cannot be hasted, slowed, berserked, paralysed or teleported.
You can dig through walls and to a lower floor.
Your four strong arms can wield two-handed weapons with a shield.
You have a pair of large antennae on your head. (SInv)


Message History

You shout for attention!
You feel sick. The adder bites you. What are your orders? t - Shout!
Orders for allies: a - Attack new target. p - Attack previous target. r - Retreat! s - Stop attacking. g - Guard the area. f - Follow me.
Anything else - Cancel.
You shout for attention!
The adder closely misses you. What are your orders? t - Shout!
Orders for allies: a - Attack new target. p - Attack previous target. r - Retreat! s - Stop attacking. g - Guard the area. f - Follow me.
Anything else - Cancel.
You shout for attention!
The adder bites you.
You die...

##......# ......................
###......##......................
............................###..
...................#..........#..
...........<.......#.####.....#..
...................# #.......###
.................^.#+##....)...##
.....####.......S..............##
.....# .......@...............+
.....# ......................##
.....## ...............####.....
#.....# ...............# #.....
......##########.......######....
......#..........#...#+#...##....
.................#.........##....
#................#.........##.#..
#...†............#.........##.#..


You could see an adder.

Vanquished Creatures
  An adder (D:2)
  2 worms (D:2)
  A dart slug (D:1)
  A leopard gecko (D:2)
  A giant cockroach (D:1)
  4 goblins
  5 hobgoblins (D:2)
  3 jackals (D:2)
  A quokka (D:2)
  2 bats
  2 frilled lizards (D:2)
  A kobold (D:1)
  6 rats
30 creatures vanquished.

Notes
Turn   | Place    | Note
-------+----------+-------------------------------------------
     0 | D:1      | DildoBatman the Formicid Conjurer began the quest for the
                  | Orb.
     0 | D:1      | Reached XP level 1. HP: 13/13 MP: 3/3
    29 | D:1      | You fall into a shaft and drop 1 floor!
   349 | D:1      | Reached XP level 2. HP: 19/19 MP: 1/5
   352 | D:1      | Learned a level 2 spell: Searing Ray
   389 | D:1      | Reached skill level 4 in Conjurations
  1317 | D:2      | Reached XP level 3. HP: 24/24 MP: 4/6
  1701 | D:2      | Reached XP level 4. HP: 30/30 MP: 2/7
  1732 | D:2      | Slain by an adder

Illustrated notes

Levels and vault maps discovered:
D:1:      sevenhm_arrival_forest_fort_small_3, layout_basic
D:2:      layout_basic, lemuel_crystal_altar, minmay_crystal_room

Skill      XL: |  1  2 |
---------------+-------+-----
Conjurations   | 4 |  4.8
Dodging        | |  1.7
Stealth        | |  2.4
Spellcasting   | |  2.1

Action                   |  1- 3 |  4- 6 || total
-------------------------+-------+-------++-------
Melee: Dagger            |    16 |       ||    16
 Cast: Magic Dart        |    17 |       ||    17
       Searing Ray       |    15 |       ||    15
 Abil: Dig               |     4 |       ||     4
Armor: Robe              |     2 |     3 ||     5
Dodge: Dodged            |    21 |    23 ||    44
